Map: [ESL] Equilibrium

Players

Scarlett

  • Race: Zerg Zerg
  • Spawn Location: 11:00

gumiho - Winner!

  • Race: Terran Terran
  • Spawn Location: 1:00

Event: IEM Katowice 2024

VOD

Have the link to the VOD?

Description

Time

  • Played on: Dec. 10, 2023, 7:03 p.m.
  • Length: 16:29

All games in this series

Show
View Real Time Build Order
Export as new Build Order

Scarlett Zerg 

Build Orders: Hatch First 

Get SALT Encoding   

  12  0:00  Drone  
  13  0:12  Overlord  
  13  0:17  Drone  
  14  0:30  Drone x2  
  16  0:46  Hatchery  
  15  0:50  Drone  
  15  0:54  Drone  
  17  0:57  Drone  
  18  1:11  Spawning Pool  
  18  1:12  Extractor  
  18  1:16  Drone  
  17  1:19  Drone  
  18  1:29  Drone  
  19  1:41  Drone  
  20  1:54  Overlord  
  20  1:58  Queen  
  20  1:59  Zergling x2  
  20  2:00  Queen  
  25  2:01  Zergling x2  
  25  2:08  Spine Crawler  
  25  2:12  Zergling x2  
  25  2:14  Overlord  
  26  2:19  Spore Crawler  
  25  2:23  Metabolic Boost  
  26  2:31  Drone x3  
  29  2:43  Drone x3  
  32  2:45  Queen  
  34  2:54  Drone x2  
  36  3:02  Queen  
  36  3:03  Drone  
  39  3:07  Drone  
  39  3:12  Drone x3  
  43  3:17  Drone  
  43  3:18  Overlord  
  44  3:25  Overlord  
  44  3:33  Overlord  
  44  3:39  Hatchery  
  44  3:40  Drone x2  
  45  3:47  Zergling x2  
  46  3:52  Zergling x2  
  46  3:54  Zergling x6  
  46  3:55  Drone x3  
  53  3:58  Queen  
  55  4:04  Queen  
  55  4:09  Drone x2  
  59  4:13  Overlord x2  
  58  4:26  Zergling x2, Overlord x2  
  58  4:29  Overlord  
  58  4:30  Drone  
  59  4:36  Lair  
  59  4:39  Queen  
  59  4:44  Drone x5  
  66  4:47  Extractor  
  66  4:49  Extractor  
  64  4:58  Drone x6  
  70  5:04  Queen  
  70  5:06  Drone x3  
  75  5:08  Spore Crawler  
  75  5:13  Drone x4  
  78  5:23  Drone x5  
  78  5:25  Drone  
  84  5:32  Queen  
  86  5:37  Spire  
  86  5:40  Spore Crawler, Queen  
  86  5:45  Spore Crawler  
  86  5:47  Zergling x10  
  90  5:52  Zergling x8  
  91  5:59  Zergling x12  
  87  6:04  Zergling x2  
  87  6:09  Zergling x10  
  82  6:20  Zergling x12  
  82  6:21  Queen x3  
  92  6:26  Overlord  
  92  6:27  Overlord  
  92  6:31  Zergling x8  
  96  6:35  Hydralisk Den  
  95  6:48  Mutalisk x5  
  95  6:51  Mutalisk  
  107  6:55  Extractor  
  107  6:56  Extractor  
  107  6:57  Extractor  
  104  7:10  Drone x9  
  104  7:11  Muscular Augments  
  113  7:18  Overlord x2  
  113  7:19  Zerg Flyer Weapons Level 1, Evolution Chamber  
  112  7:25  Drone  
  112  7:26  Overlord x2  
  113  7:30  Hatchery  
  113  7:32  Drone  
  113  7:41  Drone  
  113  7:42  Drone x9  
  123  7:50  Infestation Pit  
  122  7:56  Zerg Missile Weapons Level 1  
  122  7:58  Drone x8  
  130  7:59  Evolution Chamber  
  129  8:07  Drone x4  
  129  8:10  Unknown  
  132  8:13  Hatchery  
  132  8:15  Grooved Spines  
  130  8:36  Drone x2, Overlord  
  130  8:37  Hydralisk x3, Hive, Overlord x4  
  138  8:43  Zerg Ground Armor Level 1  
  138  8:45  Hydralisk x2  
  142  9:04  Overlord  
  142  9:07  Hydralisk x11  
  163  9:13  Hydralisk x3  
  150  9:19  Hydralisk x4  
  140  9:28  Drone x2  
  139  9:35  Drone x7  
  146  9:40  Hydralisk x7  
  159  9:50  Viper x4  
  171  9:56  Zergling x20  
  171  9:58  Greater Spire  
  181  10:04  Zerg Missile Weapons Level 2  
  181  10:06  Extractor  
  181  10:07  Extractor  
  178  10:14  Drone x2  
  178  10:15  Drone x3  
  178  10:16  Drone  
  178  10:18  Spore Crawler  
  178  10:19  Hatchery, Spine Crawler  
  181  10:26  Hydralisk x8  
  197  10:31  Overlord x3  
  194  10:44  Overlord x2  
  194  10:45  Hydralisk x3  
  194  10:48  Spine Crawler  
  194  10:49  Zerg Melee Weapons Level 1, Spine Crawler  
  196  10:50  Spine Crawler  
  195  10:59  Zergling x10  
  187  11:14  Viper x5  
  176  11:21  Hydralisk x5  
  176  11:22  Zergling x34  
  165  11:28  Hydralisk x4  
  165  11:31  Hydralisk  
  151  11:34  Zergling x6  
  154  11:41  Extractor  
  154  11:45  Extractor  
  152  11:47  Hydralisk x9  
  152  11:54  Hydralisk x4  
  157  11:57  Zergling x2, Hydralisk  
  151  12:04  Hydralisk x3  
  157  12:12  Drone x6  
  155  12:23  Zerg Flyer Weapons Level 2  
  155  12:24  Zerg Missile Weapons Level 3  
  140  12:30  Hydralisk x7  
  140  12:36  Zergling x2, Hydralisk x2  
  140  12:37  Zergling x4  
  139  12:42  Hydralisk x3  
  139  12:43  Zergling x2  
  138  12:47  Hydralisk x2  
  130  12:54  Hydralisk x3  
  130  12:55  Zergling x2  
  137  12:59  Hydralisk x2  
  136  13:07  Hydralisk x3  
  136  13:19  Hydralisk x6  
  140  13:24  Hydralisk x2  
  140  13:25  Zergling x12  
  143  13:37  Hydralisk x5  
  150  13:50  Corruptor x2  
  150  13:53  Drone  
  155  13:56  Extractor  
  155  13:57  Corruptor  
  155  13:58  Hatchery  
  154  14:03  Extractor  
  154  14:08  Queen  
  148  14:10  Hatchery  
  147  14:24  Drone x3  
  147  14:25  Drone x2, Hatchery  
  149  14:33  Drone x8  
  154  14:47  Drone x3  
  154  14:50  Brood Lord x3  
  163  15:02  Drone x3  
  163  15:08  Corruptor x5  
  163  15:12  Queen  
  174  15:15  Zergling x2  
  175  15:33  Corruptor x2  
  163  15:41  Hydralisk x4  
  137  15:48  Hydralisk x3  
  112  15:57  Hydralisk x4  
Show
View Real Time Build Order
Export as new Build Order

gumiho Terran - Winner!

Build Orders:  

Get SALT Encoding   

  12  0:00  SCV  
  13  0:12  SCV  
  14  0:17  Supply Depot  
  14  0:24  SCV  
  15  0:39  SCV  
  15  0:40  Barracks  
  16  0:45  Refinery  
  16  0:51  SCV  
  16  0:55  Refinery  
  17  1:03  SCV  
  18  1:15  SCV  
  19  1:27  Orbital Command, Reaper  
  20  1:35  Supply Depot  
  20  1:46  Factory  
  20  1:53  SCV  
  21  1:59  Reaper  
  22  2:05  SCV  
  23  2:17  SCV  
  24  2:29  SCV  
  25  2:31  Factory Reactor  
  25  2:35  Reaper  
  25  2:37  Starport  
  26  2:41  SCV  
  27  2:47  Command Center  
  27  2:51  Supply Depot  
  27  2:55  SCV  
  28  3:07  SCV  
  29  3:14  Cyclone x2  
  29  3:17  Medivac  
  35  3:24  Supply Depot  
  35  3:26  SCV  
  36  3:38  SCV  
  37  3:46  Cyclone x2  
  41  3:48  Starport Tech Lab  
  41  3:50  SCV  
  42  4:00  Orbital Command  
  42  4:02  SCV  
  43  4:08  Raven  
  45  4:14  SCV  
  46  4:18  Cyclone x2  
  50  4:26  SCV  
  52  4:38  SCV, Supply Depot  
  52  4:43  Command Center  
  52  4:44  Raven  
  54  4:47  SCV, Refinery  
  54  4:49  Refinery  
  54  4:50  SCV  
  56  4:57  Cyclone  
  58  5:00  Cyclone  
  58  5:01  SCV  
  58  5:02  SCV  
  62  5:09  Supply Depot  
  62  5:13  SCV  
  63  5:15  SCV  
  64  5:26  SCV  
  64  5:27  SCV  
  66  5:28  Factory  
  66  5:30  Hellion  
  66  5:31  Factory  
  66  5:32  Hellion  
  70  5:40  Factory  
  70  5:44  SCV x2  
  70  5:46  Armory  
  72  5:57  Hellion x2  
  68  6:18  Hellion x2  
  68  6:20  Factory Tech Lab, Factory Reactor  
  68  6:24  Banshee  
  68  6:25  SCV x2  
  73  6:35  Factory Tech Lab  
  73  6:36  Terran Vehicle Weapons Level 1  
  73  6:37  SCV x2  
  77  6:40  Hellion  
  77  6:44  Orbital Command  
  77  6:49  SCV x2  
  77  6:52  Supply Depot  
  79  6:55  Command Center  
  79  7:01  SCV  
  79  7:02  SCV  
  79  7:08  Cyclone x4  
  87  7:09  Cyclone x2  
  87  7:10  SCV  
  87  7:14  SCV x2  
  92  7:18  Infernal Pre-Igniter  
  92  7:19  Hurricane Engines  
  92  7:23  SCV  
  92  7:24  Refinery  
  92  7:25  Refinery  
  92  7:26  SCV x2  
  95  7:30  Supply Depot  
  95  7:32  Supply Depot  
  95  7:34  Engineering Bay  
  95  7:35  SCV  
  96  7:38  SCV x2  
  96  7:41  Factory  
  98  7:44  Factory  
  98  7:46  Factory  
  98  7:47  Cyclone x2, SCV  
  98  7:50  SCV  
  100  7:53  SCV  
  101  7:59  SCV  
  101  8:02  Missile Turret, SCV  
  101  8:05  SCV  
  104  8:09  Missile Turret  
  104  8:12  Cyclone x2  
  108  8:13  Cyclone x2  
  108  8:15  SCV  
  108  8:16  SCV  
  108  8:17  SCV  
  108  8:19  Missile Turret  
  115  8:27  SCV  
  115  8:28  SCV  
  115  8:29  SCV  
  118  8:36  Terran Vehicle Weapons Level 2  
  118  8:39  SCV  
  118  8:40  SCV  
  120  8:41  SCV  
  120  8:42  Factory Tech Lab x2, Hellion x2  
  120  8:43  Factory Reactor  
  120  8:44  Orbital Command  
  125  8:49  Supply Depot  
  125  8:51  SCV  
  125  8:52  SCV  
  125  8:53  SCV  
  128  8:55  Supply Depot  
  128  8:56  Supply Depot x2  
  128  8:58  Siege Tank  
  128  9:00  Siege Tank  
  128  9:05  SCV x3  
  131  9:10  Siege Tank  
  131  9:14  Hellion  
  131  9:15  Hellion x3  
  129  9:18  Hellion  
  129  9:20  SCV x2  
  129  9:22  Hellion x2  
  133  9:32  Hellion, SCV  
  133  9:33  Hellion, SCV x2  
  133  9:36  Hellion x2, SCV  
  145  9:40  Raven  
  147  9:48  Siege Tank x2  
  153  9:53  Siege Tank, Hellion x3  
  153  9:59  Siege Tank  
  163  10:03  Supply Depot  
  163  10:04  Command Center, Supply Depot x2  
  163  10:16  Starport  
  163  10:17  Starport  
  163  10:20  Refinery  
  163  10:21  Refinery  
  163  10:22  Supply Depot x2  
  163  10:25  SCV x2  
  163  10:26  SCV  
  163  10:27  SCV  
  170  10:28  Siege Tank x2  
  170  10:29  Siege Tank  
  176  10:43  Cyclone x4  
  176  10:44  Cyclone  
  176  10:46  SCV x3  
  189  10:53  Command Center  
  189  10:58  Starport Reactor  
  189  10:59  Starport Reactor  
  189  11:06  Command Center, Sensor Tower  
  189  11:09  Cyclone x2  
  184  11:12  Cyclone  
  166  11:19  Cyclone x4  
  166  11:20  Cyclone x3  
  168  11:30  Raven  
  157  11:35  SCV x2  
  157  11:36  Unknown, SCV x2  
  157  11:38  Terran Vehicle And Ship Armor Level 1  
  161  11:42  Hellion x2, Armory  
  161  11:44  Hellion  
  151  11:56  Cyclone x2, Hellion x5  
  160  12:02  Liberator x2  
  160  12:03  Hellion x2  
  170  12:09  Cyclone  
  170  12:13  Raven  
  170  12:15  SCV x4  
  168  12:17  Hellion x2, Cyclone  
  168  12:18  Hellion  
  172  12:27  SCV x2  
  167  12:30  Hellion x3  
  167  12:31  Hellion x2  
  167  12:34  SCV x2  
  175  12:39  Hellion x3, SCV  
  175  12:42  Hellion  
  178  12:49  Hellion, Terran Vehicle Weapons Level 3  
  176  12:52  Fusion Core, Hellion x3  
  176  12:53  Hellion x2  
  184  13:00  Hellion x2  
  184  13:01  Hellion  
  186  13:06  Hellion  
  186  13:11  Hellion  
  188  13:13  Siege Tank, Cyclone x2  
  188  13:14  Siege Tank, Cyclone  
  182  13:21  Cyclone  
  182  13:22  Hellion  
  182  13:23  Hellion  
  182  13:27  Hellion  
  182  13:32  Hellion  
  184  13:41  Liberator  
  185  13:42  Liberator x2  
  185  13:43  Hellion  
  185  13:44  Liberator, Cyclone  
  185  13:45  Cyclone  
  185  13:46  Advanced Ballistics  
  200  13:49  Missile Turret  
  200  13:52  Orbital Command  
  193  14:02  Cyclone  
  193  14:03  Cyclone x3  
  193  14:05  Hellion x3  
  193  14:06  Hellion  
  188  14:15  Refinery  
  188  14:16  Hellion  
  182  14:17  Hellion, Refinery  
  182  14:24  Viking x2  
  186  14:25  Viking x2  
  186  14:26  Siege Tank, Hellion x2  
  199  14:35  Hellion x3  
  199  14:37  Planetary Fortress  
  197  14:39  Siege Tank  
  200  14:46  Orbital Command  
  196  15:07  Cyclone x3  
  196  15:08  Cyclone  
  200  15:18  Command Center  
  200  15:19  Command Center  
  200  15:22  Sensor Tower  
  200  15:26  Command Center  
  200  15:32  Cyclone  
  200  15:33  Cyclone x4  
  200  15:37  Factory x3  
  200  15:39  Hellion x2  
  200  15:40  Hellion  
  192  15:46  Cyclone x2  
  184  16:00  Hellion  
  184  16:01  Hellion x2  
  188  16:05  Hellion x2  
  178  16:27  Factory Tech Lab  
  178  16:28  Factory Tech Lab x2  

Tags
 
Add a new tag
Caveats
  • Supply blocks, unpowered buildings, or Contaminate may cause inaccurate times.
  • Supply counts are checked every 10 seconds.